 Dungeon Crawl Stone Soup version 0.31.0-32-g396128a36d (webtiles) character file.

Game seed: 16166765602755587388

116 TacoSundae the Slasher (level 5, -1/27 HPs)
             Began as a Vine Stalker Fighter on Apr 7, 2024.
             Incinerated by a bombardier beetle (4 damage)
             ... with a burning spray
             ... on level 3 of the Dungeon.
             The game lasted 00:02:41 (2020 turns).

TacoSundae the Slasher (Vine Stalker Fighter)       Turns: 2020, Time: 00:02:42

Health: -1/27      AC:  6    Str: 20    XL:     5   Next: 1%
Magic:  0/6        EV:  9    Int:  8    God:
Gold:   87         SH:  4    Dex: 14    Spells: 4/4 levels left

rFire   . . .        a - +0 long sword
rCold   . . .        c - +0 buckler
rNeg    . . .        b - +0 scale mail
rPois   .            l - +0 hat
rElec   .            (no cloak)
rCorr   .            (no gloves)
SInv    +            (no boots)
Will    .....        (no amulet) Stlth
                     k - ring of see invisible
HPRegen 1.04/turn    (no ring)
MPRegen 0.10/turn

%: guardian spirit
@: on fire, glowing
A: fangs 2, regeneration 1, magic shield, antimagic bite, no potion heal 2
a: no special abilities


You were on level 3 of the Dungeon.
You visited 1 branch of the dungeon, and saw 3 of its levels.

You collected 87 gold pieces.

Inventory:

Hand Weapons
 a - a +0 long sword (weapon)
Missiles
 h - 6 poisoned darts (quivered)
Armour
 b - a +0 scale mail (worn)
 c - a +0 buckler (worn)
 l - a +0 hat (worn)
Jewellery
 k - a ring of see invisible (left hand)
Scrolls
 e - a scroll of noise {unknown}
 g - 3 scrolls of identify {unknown}
 j - a scroll of enchant weapon {unknown}
Potions
 d - a potion of might
 f - a potion of heal wounds {unknown}
 i - a potion of invisibility {unknown}
 m - a potion of degeneration {unknown}


   Skills:
 - Level 2.6 Fighting
 + Level 4.5 Long Blades
 - Level 2.4 Armour
 - Level 2.6 Shields


You had 4 spell levels left.
You didn't know any spells.
Your spell library contained the following spells:

 Spells                   Type           Power      Damage    Failure   Level
 Freeze                   Ice            0%         1d3       85%         1
 Shock                    Conj/Air       0%         1d3       85%         1
 Frozen Ramparts          Ice            0%         1d1       99%         3
 Hailstorm                Conj/Ice       0%         3d5       99%         3
 Swiftness                Air            0%         N/A       99%         3
 Airstrike                Air            0%         2d(0-16)  100%        4
 Alistair's Intoxication  Alch           0%         N/A       100%        5
 Borgnjor's Vile Clutch   Necr/Erth      0%         N/A       100%        5
 Eringya's Noxious Bog    Alch           0%         4d6       100%        6


Dungeon Overview and Level Annotations

Branches:
Dungeon (3/15)

Altars:


Innate Abilities, Weirdness & Mutations

You have extremely sharp teeth.
Your natural rate of healing is unusually fast.
When hurt, damage is shared between your health and your magic reserves.
Your bite disrupts and absorbs the magic of your enemies.
Potions cannot restore your health.


Message History

You hit the bombardier beetle. You bite the bombardier beetle.
You drain its power.
The bombardier beetle is almost dead.
The liquid fire burns you!
The bombardier beetle sprays incendiary fluid at you.
The burning spray hits you.
You are even more covered in liquid fire!
You hit the bombardier beetle. Your bite misses the bombardier beetle.
The bombardier beetle is almost dead.
The liquid fire burns you!
The bombardier beetle closely misses you.
You hit the bombardier beetle but do no damage.
Your bite misses the bombardier beetle.
The bombardier beetle is almost dead.
The liquid fire burns you!
You hit the bombardier beetle but do no damage.
The bombardier beetle is almost dead.
The liquid fire burns you!
The bombardier beetle sprays incendiary fluid at you.
The burning spray hits you.
You are even more covered in liquid fire!
You closely miss the bombardier beetle. Your bite misses the bombardier beetle.
The bombardier beetle is almost dead.
The liquid fire burns you!
* * * LOW HITPOINT WARNING * * *
The bombardier beetle bites you but does no damage.
You hit the bombardier beetle.
You kill the bombardier beetle!
The liquid fire burns you!
* * * LOW HITPOINT WARNING * * *
You have reached level 5!
You shake off some of the fire as you move.
The liquid fire burns you!
* * * LOW HITPOINT WARNING * * *
You shake off some of the fire as you move.
The liquid fire burns you!
* * * LOW HITPOINT WARNING * * *
You shake off some of the fire as you move.
The liquid fire burns you!
You die...

#.........................
#.......................##
#.......................##
#.........................
#........<................
. ...###'####'##...........
... #.......#...........
.....###########...........
#....†...@....+...........
≈≈≈.≈≈≈≈≈≈≈###.#...........
##≈.≈#####≈###.............
#≈. #≈................ ...
#≈.............#.. ≈#
#≈.............#..
.≈#####≈.............#..
.≈≈≈≈≈≈≈....##.......#..
....#.......##.......#..


There were no monsters in sight!

Vanquished Creatures
  A bombardier beetle (D:3)
  A gnoll (D:1)
  2 adders
  A ribbon worm (D:3)
  4 dart slugs
  7 endoplasms
  4 giant cockroaches
  3 hobgoblins (D:2)
  5 ball pythons
  4 bats
  3 frilled lizards
  5 goblins
  2 kobolds (D:1)
  3 rats
45 creatures vanquished.

Notes
Turn   | Place    | Note
-------+----------+-------------------------------------------
     0 | D:1      | TacoSundae the Vine Stalker Fighter began the quest for the
                  | Orb.
     0 | D:1      | Reached XP level 1. HP: 11/11 MP: 2/2
    73 | D:1      | Reached skill level 2 in Long Blades
    83 | D:1      | Reached XP level 2. HP: 16/16 MP: 3/3
   294 | D:1      | Reached skill level 3 in Long Blades
   327 | D:1      | Reached XP level 3. HP: 19/19 MP: 2/4
  1180 | D:2      | Found a faded altar of an unknown god.
  1214 | D:2      | Reached XP level 4. HP: 23/23 MP: 5/5
  1820 | D:3      | Reached skill level 4 in Long Blades
  2018 | D:3      | Reached XP level 5. HP: 7/27 MP: 1/6
  2020 | D:3      | Incinerated by a bombardier beetle

Illustrated notes

Levels and vault maps discovered:
D:1:      grunt_arrival_crossed_arrows, layout_loops_corners
D:2:      layout_basic, basic_ecumenical_altar
D:3:      layout_basic, nicolae_overflow_two_pavilions,
          minmay_misc_feat_more_columns

Skill      XL: |  1  2  3  4 |
---------------+-------------+-----
Long Blades    | 2 3 4 |  4.5
Fighting       | |  2.6
Armour         | |  2.4
Shields        | |  2.6

Action                     |  1- 3 |  4- 6 || total
---------------------------+-------+-------++-------
  Melee: Long sword        |    75 |    39 ||   114
         Bite              |    13 |     9 ||    22
 Armour: Scale mail        |    48 |    20 ||    68
  Dodge: Dodged            |    23 |    19 ||    42
  Block: Buckler           |     6 |     6 ||    12
